[ AOE2 MATCH · #457629610 ]
Team RMHindustanis vs Italians
[ REPLAY ANALYSIS · EXTRACTED FROM THE RECORDED GAME ]
Feudal
11:35
Castle
18:18
Imperial
—
| APM avg | 18.3 |
| APM peak | 46 |
| eAPM avg | 9.6 |
| Villagers / military | 52 / 36 |
Focus
⚔️ 18.1% · 🌾 81.9%
Ghulam ×19 · Militia ×15 · Armored Elephant ×2
Feudal
10:16
Castle
14:08
Imperial
28:26
| APM avg | 21.7 |
| APM peak | 50 |
| eAPM avg | 12.6 |
| Villagers / military | 128 / 19 |
Focus
⚔️ 13.4% · 🌾 86.6%
Spearman ×15 · Monk ×2 · Battering Ram ×2
Feudal
11:57
Castle
24:59
Imperial
—
| APM avg | 48.8 |
| APM peak | 98 |
| eAPM avg | 18.9 |
| Villagers / military | 86 / 51 |
Focus
⚔️ 26.5% · 🌾 73.5%
Knight ×27 · Scout Cavalry ×15 · Battering Ram ×5 · Spearman ×4
Feudal
13:08
Castle
19:39
Imperial
—
| APM avg | 17.7 |
| APM peak | 56 |
| eAPM avg | 11.7 |
| Villagers / military | 87 / 40 |
Focus
⚔️ 15.8% · 🌾 84.2%
Spearman ×21 · Hussite Wagon ×18 · Monk ×1
Feudal
8:04
Castle
21:59
Imperial
—
| APM avg | 32.0 |
| APM peak | 74 |
| eAPM avg | 19.2 |
| Villagers / military | 82 / 12 |
Focus
⚔️ 31.9% · 🌾 68.1%
Mangudai ×8 · Mangonel ×2 · Monk ×1 · Battering Ram ×1
Feudal
—
Castle
—
Imperial
—
| APM avg | 35.0 |
| APM peak | 75 |
| eAPM avg | 14.2 |
| Villagers / military | 65 / 15 |
Focus
⚔️ 21.1% · 🌾 78.9%
Skirmisher ×15
Feudal
11:40
Castle
15:19
Imperial
—
| APM avg | 29.5 |
| APM peak | 50 |
| eAPM avg | 18.6 |
| Villagers / military | 82 / 22 |
Focus
⚔️ 13.4% · 🌾 86.6%
Genoese Crossbowman ×20 · Battering Ram ×2
Feudal
12:23
Castle
15:06
Imperial
—
| APM avg | 20.7 |
| APM peak | 44 |
| eAPM avg | 12.7 |
| Villagers / military | 298 / 22 |
Focus
⚔️ 7.6% · 🌾 92.4%
Knight ×21 · Monk ×1
Match map
Resources at game start + every placement click. Thick line = wall · dashed box = detected house wall. 🟡 gold · ⚪ stone · 🟢 berries · 🔶 boar · ⭕ relic
Inputs per minute
— ROB3RT_ROG3RSTTV - - 2024eles
Build order — ROB3RT_ROG3RSTTV
144 actions detected in the replay
| 0:02 | Build | House |
| 0:04 | Build | House |
| 0:05 | Create | Villager (Male) |
| 0:05 | Create | Villager (Male) |
| 0:05 | Create | Villager (Male) |
| 0:05 | Create | Villager (Male) |
| 0:06 | Create | Villager (Male) |
| 0:10 | Research | Loom |
| 1:36 | Create | Villager (Male) |
| 2:15 | Create | Villager (Male) |
| 2:15 | Create | Villager (Male) |
| 3:26 | Create | Villager (Male) |
| 3:26 | Create | Villager (Male) |
| 3:27 | Create | Villager (Male) |
| 3:27 | Create | Villager (Male) |
| 3:56 | Build | House |
| 3:57 | Build | House |
| 4:42 | Build | Lumber Camp |
| 5:06 | Create | Villager (Male) |
| 5:32 | Create | Villager (Male) |
| 5:38 | Create | Villager (Male) |
| 5:58 | Create | Villager (Male) |
| 6:00 | Create | Villager (Male) |
| 6:00 | Create | Villager (Male) |
| 6:43 | Build | Mill |
| 7:05 | Create | Villager (Male) |
| 7:41 | Create | Villager (Male) |
| 9:22 | Create | Villager (Male) |
| 9:25 | Research | Feudal Age |
| 9:40 | Build | Mining Camp |
| 10:17 | Create | Villager (Male) |
| 10:36 | Create | Villager (Male) |
| 10:36 | Create | Villager (Male) |
| 10:59 | Build | House |
| 11:00 | Build | House |
| 11:35 | Age | Feudal Age |
| 11:40 | Build | Barracks |
| 12:03 | Create | Villager (Male) |
| 12:20 | Build | House |
| 12:23 | Build | House |
| 12:47 | Build | Market |
| 12:53 | Build | Blacksmith |
| 13:14 | Research | Man-at-Arms (upgrade) |
| 14:01 | Create | Militia |
| 14:02 | Create | Militia |
| 14:02 | Create | Militia |
| 14:02 | Create | Militia |
| 14:31 | Build | Farm |
| 14:33 | Build | Farm |
| 14:40 | Build | Farm |
| 14:42 | Build | Farm |
| 15:29 | Create | Militia |
| 15:33 | Create | Militia |
| 15:38 | Research | Castle Age |
| 15:44 | Build | Farm |
| 15:45 | Build | Farm |
| 15:46 | Build | Farm |
| 15:47 | Build | Farm |
| 15:49 | Build | Farm |
| 15:54 | Build | Farm |
| 16:02 | Build | Farm |
| 16:04 | Build | Farm |
| 16:04 | Build | Farm |
| 16:05 | Build | Farm |
| 16:06 | Build | Farm |
| 16:48 | Create | Villager (Male) |
| 16:48 | Create | Villager (Male) |
| 16:49 | Create | Villager (Male) |
| 16:49 | Create | Villager (Male) |
| 18:18 | Age | Castle Age |
| 18:26 | Build | Siege Workshop |
| 18:31 | Create | Villager (Male) |
| 18:43 | Build | Town Center |
| 19:20 | Create | Militia |
| 19:20 | Create | Militia |
| 19:21 | Create | Militia |
| 19:22 | Create | Militia |
| 19:24 | Create | Armored Elephant |
| 19:25 | Create | Armored Elephant |
| 19:51 | Build | Mining Camp |
| 19:54 | Create | Villager (Male) |
| 19:59 | Create | Villager (Male) |
| 20:00 | Create | Villager (Male) |
| 20:00 | Create | Villager (Male) |
| 20:02 | Create | Villager (Male) |
| 20:21 | Create | Villager (Male) |
| 21:14 | Build | Farm |
| 21:15 | Create | Villager (Male) |
| 21:15 | Create | Villager (Male) |
| 22:07 | Build | Farm |
| 22:08 | Create | Villager (Male) |
| 22:11 | Create | Villager (Male) |
| 22:14 | Build | Farm |
| 22:55 | Build | Castle |
| 23:07 | Build | Farm |
| 23:14 | Build | Mining Camp |
| 23:16 | Create | Villager (Male) |
| 23:16 | Create | Villager (Male) |
| 23:16 | Create | Villager (Male) |
| 23:17 | Create | Villager (Male) |
| 23:17 | Create | Villager (Male) |
| 23:25 | Create | Villager (Male) |
| 23:25 | Create | Villager (Male) |
| 23:27 | Create | Villager (Male) |
| 23:42 | Research | Horse Collar |
| 24:31 | Build | House |
| 24:33 | Build | House |
| 24:33 | Build | House |
| 24:34 | Build | House |
| 24:34 | Build | House |
| 24:34 | Build | House |
| 24:35 | Build | House |
| 25:00 | Create | Villager (Male) |
| 25:01 | Create | Villager (Male) |
| 25:03 | Create | Villager (Male) |
| 25:03 | Create | Villager (Male) |
| 25:54 | Build | Mining Camp |
| 26:49 | Create | Militia |
| 26:49 | Create | Militia |
| 26:50 | Create | Militia |
| 26:50 | Create | Militia |
| 26:50 | Create | Militia |
| 27:00 | Build | Farm |
| 27:13 | Create | Ghulam |
| 27:14 | Create | Ghulam |
| 27:14 | Create | Ghulam |
| 27:14 | Create | Ghulam |
| 27:14 | Create | Ghulam |
| 27:14 | Create | Ghulam |
| 27:15 | Create | Ghulam |
| 27:15 | Create | Ghulam |
| 27:15 | Create | Ghulam |
| 27:15 | Create | Ghulam |
| 27:16 | Create | Ghulam |
| 27:16 | Create | Ghulam |
| 27:16 | Create | Ghulam |
| 27:17 | Create | Ghulam |
| 27:17 | Create | Ghulam |
| 27:17 | Create | Ghulam |
| 27:31 | Build | Stone Wall |
| 27:50 | Create | Ghulam |
| 27:50 | Create | Ghulam |
| 28:01 | Create | Ghulam |
| 28:08 | Build | Mining Camp |
Build order — 2024eles
First 150 of 236 actions detected
| 0:10 | Create | Villager (Male) |
| 0:10 | Create | Villager (Male) |
| 0:10 | Create | Villager (Male) |
| 0:16 | Build | House |
| 0:31 | Build | House |
| 0:36 | Create | Villager (Male) |
| 0:36 | Create | Villager (Male) |
| 0:36 | Create | Villager (Male) |
| 1:13 | Create | Villager (Male) |
| 1:50 | Create | Villager (Male) |
| 1:50 | Create | Villager (Male) |
| 2:13 | Create | Villager (Male) |
| 2:13 | Create | Villager (Male) |
| 2:55 | Build | Settlement |
| 3:01 | Create | Villager (Male) |
| 3:01 | Create | Villager (Male) |
| 3:01 | Create | Villager (Male) |
| 3:51 | Create | Villager (Male) |
| 3:51 | Create | Villager (Male) |
| 3:52 | Create | Villager (Male) |
| 4:03 | Create | Villager (Male) |
| 4:04 | Create | Villager (Male) |
| 4:32 | Create | Villager (Male) |
| 4:35 | Create | Villager (Male) |
| 4:35 | Create | Villager (Male) |
| 5:23 | Create | Villager (Male) |
| 5:24 | Create | Villager (Male) |
| 5:24 | Create | Villager (Male) |
| 5:44 | Build | Settlement |
| 5:52 | Create | Villager (Male) |
| 6:19 | Create | Villager (Male) |
| 6:19 | Create | Villager (Male) |
| 6:19 | Create | Villager (Male) |
| 6:58 | Create | Villager (Male) |
| 7:26 | Research | Feudal Age |
| 7:27 | Research | Feudal Age |
| 8:51 | Build | Farm |
| 9:13 | Build | Farm |
| 9:42 | Build | Farm |
| 9:55 | Build | Farm |
| 10:11 | Build | Farm |
| 10:16 | Age | Feudal Age |
| 10:23 | Build | Market |
| 10:32 | Build | Blacksmith |
| 10:38 | Create | Villager (Male) |
| 10:38 | Create | Villager (Male) |
| 11:14 | Research | Castle Age |
| 11:15 | Research | Castle Age |
| 11:25 | Build | House |
| 11:30 | Build | House |
| 11:32 | Build | House |
| 11:43 | Research | Double-Bit Axe |
| 11:43 | Research | Double-Bit Axe |
| 12:45 | Research | Horse Collar |
| 12:46 | Research | Horse Collar |
| 13:40 | Build | Farm |
| 13:46 | Build | Farm |
| 13:52 | Create | Villager (Male) |
| 13:53 | Create | Villager (Male) |
| 14:08 | Age | Castle Age |
| 14:12 | Build | Town Center |
| 14:17 | Research | Bow Saw |
| 14:18 | Research | Bow Saw |
| 14:18 | Research | Bow Saw |
| 14:41 | Create | Villager (Male) |
| 15:00 | Build | Monastery |
| 15:11 | Create | Villager (Male) |
| 15:23 | Build | Farm |
| 15:25 | Build | Farm |
| 15:32 | Create | Villager (Male) |
| 15:49 | Create | Monk |
| 15:57 | Create | Villager (Male) |
| 15:58 | Create | Villager (Male) |
| 16:19 | Create | Villager (Male) |
| 16:19 | Create | Villager (Male) |
| 16:33 | Build | Town Center |
| 17:09 | Research | Wheelbarrow |
| 17:09 | Research | Wheelbarrow |
| 17:09 | Research | Wheelbarrow |
| 17:10 | Create | Villager (Male) |
| 17:10 | Create | Villager (Male) |
| 17:11 | Create | Villager (Male) |
| 17:11 | Create | Villager (Male) |
| 17:11 | Create | Villager (Male) |
| 17:36 | Build | Farm |
| 17:37 | Build | Farm |
| 17:39 | Build | Farm |
| 17:40 | Build | Farm |
| 17:45 | Research | Heavy Plow |
| 17:46 | Research | Heavy Plow |
| 18:01 | Create | Villager (Male) |
| 18:01 | Create | Villager (Male) |
| 18:04 | Create | Villager (Male) |
| 18:05 | Create | Villager (Male) |
| 18:05 | Create | Villager (Male) |
| 18:05 | Create | Villager (Male) |
| 18:12 | Build | Farm |
| 18:13 | Build | Farm |
| 18:14 | Build | Farm |
| 18:16 | Build | Farm |
| 18:21 | Build | Farm |
| 18:24 | Build | Farm |
| 18:27 | Create | Villager (Male) ×2 |
| 18:59 | Create | Monk |
| 19:02 | Create | Villager (Male) |
| 19:10 | Build | House |
| 19:11 | Build | House |
| 19:11 | Build | House |
| 19:32 | Build | Town Center |
| 19:50 | Build | Settlement |
| 19:55 | Create | Villager (Male) |
| 19:55 | Create | Villager (Male) |
| 19:55 | Create | Villager (Male) |
| 19:56 | Create | Villager (Male) |
| 19:56 | Create | Villager (Male) |
| 19:56 | Create | Villager (Male) |
| 20:32 | Research | Hand Cart |
| 20:32 | Research | Hand Cart |
| 20:33 | Research | Hand Cart |
| 20:33 | Create | Villager (Male) ×2 |
| 20:34 | Create | Villager (Male) ×2 |
| 20:58 | Build | Farm |
| 21:00 | Build | Farm |
| 21:01 | Build | Farm |
| 21:02 | Build | Farm |
| 21:10 | Build | House |
| 21:11 | Build | House |
| 21:12 | Build | House |
| 21:14 | Build | House |
| 21:22 | Create | Villager (Male) |
| 21:23 | Create | Villager (Male) |
| 21:23 | Create | Villager (Male) |
| 21:24 | Create | Villager (Male) |
| 21:24 | Create | Villager (Male) |
| 21:48 | Build | University |
| 21:57 | Build | Farm |
| 21:58 | Build | Farm |
| 21:59 | Build | Farm |
| 22:03 | Research | Gold Mining |
| 22:17 | Research | Loom |
| 22:17 | Create | Villager (Male) ×5 |
| 22:18 | Create | Villager (Male) ×5 |
| 22:18 | Create | Villager (Male) |
| 22:33 | Build | Farm |
| 22:34 | Build | Farm |
| 22:46 | Build | Farm |
| 22:48 | Build | Farm |
| 22:51 | Build | Farm |
| 23:00 | Build | House |
| 23:01 | Build | House |
Build order — qjawkd7511
First 150 of 241 actions detected
| 0:01 | Create | Villager (Male) |
| 0:01 | Create | Villager (Male) |
| 0:03 | Build | House |
| 0:05 | Build | House |
| 0:32 | Create | Villager (Male) |
| 0:33 | Create | Villager (Male) |
| 0:33 | Create | Villager (Male) |
| 1:28 | Create | Villager (Male) |
| 1:28 | Create | Villager (Male) |
| 1:46 | Build | Lumber Camp |
| 1:57 | Create | Villager (Male) |
| 1:57 | Create | Villager (Male) |
| 1:57 | Create | Villager (Male) |
| 2:25 | Create | Villager (Male) |
| 2:25 | Create | Villager (Male) |
| 2:49 | Create | Villager (Male) |
| 2:50 | Create | Villager (Male) |
| 3:27 | Create | Villager (Male) |
| 3:27 | Create | Villager (Male) |
| 3:27 | Create | Villager (Male) |
| 4:05 | Create | Villager (Male) |
| 4:05 | Create | Villager (Male) |
| 4:34 | Create | Villager (Male) |
| 4:35 | Create | Villager (Male) |
| 4:35 | Create | Villager (Male) |
| 4:50 | Build | House |
| 4:52 | Build | House |
| 5:43 | Create | Villager (Male) |
| 6:08 | Build | Mill |
| 6:20 | Create | Villager (Male) |
| 6:41 | Create | Villager (Male) |
| 6:41 | Create | Villager (Male) |
| 6:42 | Create | Villager (Male) |
| 7:24 | Build | Lumber Camp |
| 8:09 | Create | Villager (Male) |
| 8:20 | Build | House |
| 8:24 | Build | House |
| 8:25 | Build | House |
| 8:40 | Create | Villager (Male) |
| 9:04 | Build | Mining Camp |
| 9:15 | Research | Loom |
| 9:20 | Research | Feudal Age |
| 10:08 | Build | Barracks |
| 10:26 | Build | House |
| 10:27 | Build | House |
| 11:57 | Age | Feudal Age |
| 11:59 | Build | Stable |
| 12:07 | Build | Blacksmith |
| 12:15 | Create | Villager (Male) |
| 12:15 | Create | Villager (Male) |
| 12:25 | Build | Town Center |
| 12:43 | Create | Villager (Male) |
| 13:00 | Build | House |
| 13:06 | Research | Double-Bit Axe |
| 13:07 | Research | Double-Bit Axe |
| 13:23 | Create | Villager (Male) |
| 13:25 | Create | Scout Cavalry |
| 13:25 | Create | Scout Cavalry |
| 13:27 | Create | Scout Cavalry |
| 13:50 | Create | Villager (Male) |
| 13:51 | Research | Horse Collar |
| 13:51 | Research | Horse Collar |
| 13:56 | Build | Farm |
| 13:57 | Build | Farm |
| 14:10 | Research | Forging |
| 14:14 | Create | Villager (Male) |
| 14:42 | Create | Villager (Male) |
| 14:42 | Create | Villager (Male) |
| 14:50 | Create | Spearman |
| 15:04 | Create | Villager (Male) |
| 15:23 | Build | Farm |
| 15:40 | Build | Stable |
| 15:43 | Build | Farm |
| 15:51 | Research | Scale Barding Armor |
| 15:57 | Build | Lumber Camp |
| 16:03 | Build | Farm |
| 16:04 | Build | Farm |
| 16:06 | Build | Farm |
| 16:07 | Build | Farm |
| 16:09 | Build | Farm |
| 16:11 | Create | Villager (Male) |
| 16:11 | Create | Villager (Male) |
| 16:13 | Create | Villager (Male) |
| 16:46 | Build | Siege Workshop |
| 16:51 | Create | Villager (Male) |
| 16:51 | Create | Villager (Male) |
| 16:55 | Build | Farm |
| 17:10 | Build | Farm |
| 17:20 | Create | Villager (Male) |
| 17:21 | Create | Villager (Male) |
| 17:23 | Create | Villager (Male) |
| 17:23 | Create | Villager (Male) |
| 17:28 | Build | Farm |
| 17:29 | Build | Farm |
| 18:09 | Create | Spearman |
| 18:12 | Create | Villager (Male) |
| 18:12 | Create | Villager (Male) |
| 18:16 | Build | Farm |
| 18:19 | Build | Farm |
| 18:20 | Build | Farm |
| 18:20 | Build | Farm |
| 18:20 | Build | Farm |
| 18:25 | Build | Farm |
| 18:25 | Build | Farm |
| 18:32 | Build | Farm |
| 18:33 | Build | Farm |
| 18:40 | Create | Villager (Male) |
| 18:40 | Create | Villager (Male) |
| 18:42 | Build | Farm |
| 18:54 | Create | Villager (Male) |
| 18:57 | Create | Villager (Male) |
| 18:58 | Create | Villager (Male) |
| 19:38 | Create | Villager (Male) |
| 19:38 | Create | Villager (Male) |
| 19:43 | Build | Farm |
| 19:45 | Build | Farm |
| 19:48 | Create | Villager (Male) |
| 19:49 | Create | Villager (Male) |
| 20:07 | Create | Scout Cavalry |
| 20:10 | Build | Farm |
| 20:10 | Build | Farm |
| 20:10 | Build | Farm |
| 20:15 | Build | Farm |
| 20:27 | Create | Spearman |
| 20:27 | Create | Spearman |
| 20:37 | Build | Farm |
| 20:37 | Build | Farm |
| 20:37 | Build | Farm |
| 20:38 | Build | Farm |
| 20:41 | Build | Farm |
| 20:43 | Create | Villager (Male) |
| 20:43 | Create | Villager (Male) |
| 21:04 | Research | Bloodlines |
| 21:14 | Build | House |
| 21:15 | Build | House |
| 21:20 | Build | House |
| 21:21 | Build | House |
| 21:22 | Build | House |
| 21:23 | Build | House |
| 21:25 | Create | Villager (Male) |
| 21:25 | Create | Villager (Male) |
| 21:33 | Build | House |
| 21:34 | Build | House |
| 21:53 | Build | Stable |
| 22:05 | Research | Castle Age |
| 22:05 | Research | Castle Age |
| 22:16 | Build | Mill |
| 22:20 | Build | Farm |
| 22:20 | Build | Farm |
| 22:20 | Build | Farm |
Build order — Big Dawg
First 150 of 181 actions detected
| 0:01 | Create | Villager (Male) |
| 0:02 | Create | Villager (Male) |
| 0:02 | Create | Villager (Male) |
| 0:02 | Create | Villager (Male) |
| 0:05 | Build | House |
| 0:07 | Build | House |
| 1:48 | Create | Villager (Male) |
| 1:55 | Build | Lumber Camp |
| 2:08 | Create | Villager (Male) |
| 2:29 | Create | Villager (Male) |
| 3:02 | Create | Villager (Male) |
| 3:19 | Create | Villager (Male) |
| 3:33 | Build | House |
| 3:34 | Build | House |
| 3:50 | Create | Villager (Male) |
| 4:30 | Create | Villager (Male) |
| 5:00 | Build | Mining Camp |
| 5:02 | Create | Villager (Male) |
| 5:02 | Create | Villager (Male) |
| 5:25 | Create | Villager (Male) |
| 6:10 | Create | Villager (Male) |
| 6:11 | Create | Villager (Male) |
| 6:57 | Create | Villager (Male) |
| 6:58 | Create | Villager (Male) |
| 7:17 | Create | Villager (Male) |
| 7:38 | Build | House |
| 7:38 | Build | House |
| 8:32 | Create | Villager (Male) |
| 8:32 | Create | Villager (Male) |
| 8:39 | Create | Villager (Male) |
| 8:39 | Create | Villager (Male) |
| 8:52 | Build | Barracks |
| 9:50 | Build | Mill |
| 9:56 | Create | Villager (Male) |
| 10:58 | Research | Feudal Age |
| 11:27 | Create | Villager (Male) |
| 11:28 | Create | Villager (Male) |
| 13:08 | Age | Feudal Age |
| 13:19 | Build | Farm |
| 13:20 | Build | Farm |
| 13:22 | Research | Horse Collar |
| 13:23 | Research | Double-Bit Axe |
| 13:28 | Create | Spearman |
| 13:29 | Create | Spearman |
| 13:44 | Create | Villager (Male) |
| 13:44 | Create | Villager (Male) |
| 13:49 | Build | House |
| 13:50 | Build | House |
| 13:58 | Build | Farm |
| 13:58 | Build | Farm |
| 13:59 | Build | Farm |
| 13:59 | Build | Farm |
| 13:59 | Build | Farm |
| 14:06 | Build | Farm |
| 14:07 | Build | Farm |
| 14:07 | Build | Farm |
| 14:17 | Build | Blacksmith |
| 14:21 | Build | Archery Range |
| 14:24 | Create | Villager (Male) |
| 14:52 | Create | Villager (Male) |
| 14:53 | Create | Villager (Male) |
| 15:03 | Build | Farm |
| 15:03 | Build | Farm |
| 15:10 | Build | Farm |
| 15:10 | Build | Farm |
| 16:09 | Create | Villager (Male) |
| 16:10 | Create | Villager (Male) |
| 16:10 | Create | Villager (Male) |
| 16:46 | Build | Mining Camp |
| 16:50 | Research | Castle Age |
| 17:12 | Create | Villager (Male) |
| 17:12 | Create | Villager (Male) |
| 17:16 | Create | Villager (Male) |
| 17:16 | Create | Villager (Male) |
| 17:26 | Build | Farm |
| 17:27 | Build | Farm |
| 17:39 | Create | Villager (Male) |
| 17:42 | Create | Spearman |
| 17:42 | Create | Spearman |
| 17:47 | Build | House |
| 17:48 | Build | House |
| 17:48 | Build | House |
| 17:48 | Build | House |
| 17:49 | Build | House |
| 17:49 | Build | House |
| 17:49 | Build | House |
| 18:52 | Create | Spearman |
| 18:52 | Create | Spearman |
| 19:15 | Create | Spearman |
| 19:16 | Create | Spearman |
| 19:39 | Age | Castle Age |
| 19:42 | Research | Pikeman (upgrade) |
| 19:42 | Create | Spearman ×5 |
| 19:58 | Build | Town Center |
| 20:23 | Create | Villager (Male) |
| 20:23 | Create | Villager (Male) |
| 20:36 | Create | Villager (Male) |
| 20:39 | Research | Bow Saw |
| 20:58 | Create | Villager (Male) |
| 20:58 | Create | Villager (Male) |
| 21:48 | Build | Town Center |
| 21:50 | Create | Villager (Male) |
| 21:50 | Create | Villager (Male) |
| 21:51 | Create | Villager (Male) |
| 21:51 | Create | Villager (Male) |
| 22:21 | Create | Villager (Male) |
| 22:38 | Create | Villager (Male) |
| 22:59 | Build | Castle |
| 23:04 | Build | Mining Camp |
| 23:05 | Create | Villager (Male) |
| 23:05 | Create | Villager (Male) |
| 23:06 | Create | Villager (Male) |
| 24:06 | Create | Villager (Male) |
| 24:06 | Create | Villager (Male) |
| 24:06 | Create | Villager (Male) |
| 24:07 | Create | Villager (Male) |
| 24:07 | Create | Villager (Male) |
| 24:07 | Create | Villager (Male) |
| 24:08 | Create | Villager (Male) |
| 24:08 | Create | Villager (Male) |
| 24:08 | Create | Villager (Male) |
| 24:09 | Create | Villager (Male) |
| 24:09 | Create | Villager (Male) |
| 24:37 | Build | Farm |
| 24:37 | Build | Farm |
| 24:38 | Build | Farm |
| 24:38 | Build | Farm |
| 24:38 | Build | Farm |
| 24:44 | Build | Mining Camp |
| 24:53 | Build | Monastery |
| 25:22 | Create | Villager (Male) |
| 25:22 | Create | Villager (Male) |
| 25:23 | Create | Villager (Male) |
| 25:38 | Create | Spearman ×2 |
| 25:39 | Create | Hussite Wagon ×5 |
| 25:39 | Create | Hussite Wagon ×5 |
| 25:40 | Create | Hussite Wagon ×3 |
| 25:57 | Build | Siege Workshop |
| 26:19 | Create | Villager (Male) |
| 26:20 | Create | Villager (Male) |
| 26:20 | Create | Villager (Male) |
| 26:20 | Create | Villager (Male) |
| 26:21 | Create | Villager (Male) |
| 26:21 | Create | Villager (Male) |
| 26:30 | Create | Spearman |
| 26:46 | Create | Monk |
| 27:02 | Create | Villager (Male) |
| 27:02 | Create | Villager (Male) |
| 27:02 | Create | Villager (Male) |
| 27:07 | Build | Farm |
Build order — tmg-3u
First 150 of 179 actions detected
| 0:02 | Create | Villager (Male) |
| 0:02 | Create | Villager (Male) |
| 0:03 | Build | House |
| 0:04 | Build | House |
| 0:53 | Create | Villager (Male) |
| 0:53 | Create | Villager (Male) |
| 0:53 | Create | Villager (Male) |
| 1:22 | Create | Villager (Male) |
| 1:23 | Create | Villager (Male) |
| 1:52 | Create | Villager (Male) |
| 2:12 | Create | Villager (Male) |
| 2:14 | Build | Lumber Camp |
| 2:21 | Create | Villager (Male) |
| 2:31 | Create | Villager (Male) |
| 3:17 | Create | Villager (Male) |
| 3:26 | Build | House |
| 3:28 | Create | Villager (Male) |
| 4:00 | Create | Villager (Male) |
| 4:00 | Create | Villager (Male) |
| 4:55 | Build | Mining Camp |
| 5:29 | Research | Loom |
| 5:33 | Research | Feudal Age |
| 5:52 | Build | House |
| 5:55 | Create | Villager (Male) |
| 8:04 | Age | Feudal Age |
| 8:06 | Build | Watch Tower |
| 8:08 | Research | Double-Bit Axe |
| 8:09 | Create | Villager (Male) |
| 8:15 | Build | Blacksmith |
| 8:29 | Create | Villager (Male) |
| 9:00 | Create | Villager (Male) |
| 9:26 | Create | Villager (Male) |
| 9:42 | Build | Mill |
| 9:50 | Create | Villager (Male) |
| 9:59 | Build | Watch Tower |
| 10:29 | Create | Villager (Male) |
| 10:50 | Create | Villager (Male) |
| 10:54 | Build | Outpost |
| 11:13 | Create | Villager (Male) |
| 11:18 | Build | Watch Tower |
| 11:39 | Create | Villager (Male) |
| 11:45 | Build | Palisade Wall |
| 11:48 | Build | Palisade Wall |
| 11:57 | Create | Villager (Male) |
| 12:01 | Build | House |
| 12:14 | Research | Fletching |
| 12:22 | Create | Villager (Male) |
| 12:40 | Create | Villager (Male) |
| 12:49 | Research | Horse Collar |
| 12:49 | Research | Horse Collar |
| 12:49 | Research | Horse Collar |
| 13:08 | Create | Villager (Male) |
| 13:24 | Build | Farm |
| 13:26 | Build | Farm |
| 13:33 | Create | Villager (Male) |
| 13:45 | Research | Town Watch |
| 13:51 | Build | Farm |
| 13:55 | Build | Farm |
| 14:01 | Build | Farm |
| 14:19 | Build | Watch Tower |
| 14:22 | Build | Palisade Wall |
| 14:23 | Build | Palisade Wall |
| 14:43 | Create | Villager (Male) |
| 14:50 | Build | Farm |
| 15:09 | Create | Villager (Male) |
| 15:11 | Create | Villager (Male) |
| 15:27 | Build | Farm |
| 15:56 | Create | Villager (Male) |
| 15:59 | Build | Mining Camp |
| 16:03 | Build | Market |
| 16:09 | Create | Villager (Male) |
| 16:37 | Create | Villager (Male) |
| 17:12 | Create | Villager (Male) |
| 17:25 | Create | Villager (Male) |
| 17:30 | Build | Farm |
| 17:30 | Build | Farm |
| 17:31 | Build | Farm |
| 17:56 | Build | House |
| 18:00 | Build | Farm |
| 18:02 | Create | Villager (Male) |
| 18:07 | Research | Gold Mining |
| 18:09 | Create | Villager (Male) |
| 18:51 | Create | Villager (Male) |
| 18:54 | Build | Mining Camp |
| 18:57 | Build | Farm |
| 19:11 | Build | Farm |
| 19:15 | Build | Farm |
| 19:19 | Research | Castle Age |
| 19:20 | Research | Castle Age |
| 20:13 | Research | Stone Mining |
| 20:58 | Create | Villager (Male) |
| 21:59 | Age | Castle Age |
| 22:08 | Build | Siege Workshop |
| 22:10 | Research | Wheelbarrow |
| 22:12 | Research | Bow Saw |
| 22:15 | Research | Heavy Plow |
| 22:25 | Build | Town Center |
| 23:05 | Create | Mangonel |
| 23:11 | Create | Villager (Male) |
| 23:32 | Build | Town Center |
| 23:36 | Create | Villager (Male) |
| 23:45 | Build | Castle |
| 23:57 | Research | Bodkin Arrow |
| 23:57 | Research | Bodkin Arrow |
| 23:58 | Create | Villager (Male) |
| 23:59 | Create | Villager (Male) |
| 24:07 | Build | Lumber Camp |
| 24:09 | Create | Villager (Male) |
| 24:39 | Create | Villager (Male) |
| 24:48 | Create | Villager (Male) |
| 24:51 | Create | Villager (Male) |
| 24:55 | Build | Farm |
| 24:58 | Build | Farm |
| 24:59 | Create | Villager (Male) |
| 25:01 | Build | Farm |
| 25:21 | Research | Padded Archer Armor |
| 25:22 | Create | Villager (Male) |
| 25:22 | Create | Villager (Male) |
| 25:24 | Create | Villager (Male) |
| 25:24 | Create | Villager (Male) |
| 25:27 | Build | Farm |
| 25:30 | Build | Farm |
| 25:34 | Build | Farm |
| 25:40 | Build | Lumber Camp |
| 25:48 | Create | Villager (Male) |
| 25:49 | Create | Mangudai |
| 25:50 | Create | Mangudai |
| 25:54 | Build | Outpost |
| 25:56 | Build | Outpost |
| 25:57 | Build | Outpost |
| 25:59 | Build | Outpost |
| 26:01 | Create | Villager (Male) |
| 26:03 | Create | Villager (Male) |
| 26:10 | Create | Villager (Male) |
| 26:14 | Build | Farm |
| 26:17 | Build | House |
| 26:24 | Create | Mangudai |
| 26:27 | Create | Villager (Male) |
| 26:28 | Create | Villager (Male) |
| 26:34 | Create | Villager (Male) |
| 26:38 | Build | Monastery |
| 26:45 | Create | Villager (Male) |
| 26:53 | Create | Mangudai |
| 26:57 | Create | Villager (Male) |
| 27:00 | Create | Villager (Male) |
| 27:05 | Create | Villager (Male) |
| 27:10 | Build | Farm |
| 27:11 | Build | Farm |
| 27:13 | Build | Farm |
| 27:14 | Build | Farm |
Build order — Dubrava1986
132 actions detected in the replay
| 0:01 | Create | Villager (Male) |
| 0:01 | Create | Villager (Male) |
| 0:02 | Create | Villager (Male) |
| 0:02 | Create | Villager (Male) |
| 0:02 | Create | Villager (Male) |
| 0:04 | Build | House |
| 0:06 | Build | House |
| 1:28 | Create | Villager (Male) |
| 1:28 | Create | Villager (Male) |
| 1:49 | Build | Lumber Camp |
| 1:58 | Create | Villager (Male) |
| 1:58 | Create | Villager (Male) |
| 2:23 | Create | Villager (Male) |
| 2:46 | Create | Villager (Male) |
| 2:46 | Create | Villager (Male) |
| 3:04 | Create | Villager (Male) |
| 3:04 | Create | Villager (Male) |
| 3:08 | Build | House |
| 3:38 | Create | Villager (Male) |
| 3:38 | Create | Villager (Male) |
| 4:04 | Create | Villager (Male) |
| 4:04 | Create | Villager (Male) |
| 4:24 | Create | Villager (Male) |
| 4:24 | Create | Villager (Male) |
| 4:34 | Create | Villager (Male) |
| 5:13 | Create | Villager (Male) |
| 5:13 | Create | Villager (Male) |
| 5:18 | Build | House |
| 5:28 | Create | Villager (Male) |
| 5:29 | Create | Villager (Male) |
| 5:29 | Create | Villager (Male) |
| 6:02 | Create | Villager (Male) |
| 6:02 | Create | Villager (Male) |
| 6:02 | Create | Villager (Male) |
| 6:49 | Create | Villager (Male) |
| 6:49 | Create | Villager (Male) |
| 6:49 | Create | Villager (Male) |
| 6:50 | Create | Villager (Male) |
| 6:50 | Create | Villager (Male) |
| 6:55 | Research | Loom |
| 7:21 | Build | Mill |
| 8:29 | Build | Barracks |
| 8:39 | Build | House |
| 8:44 | Build | House |
| 9:06 | Research | Feudal Age |
| 9:23 | Build | Mining Camp |
| 9:31 | Build | Building 796 |
| 9:36 | Build | Palisade Gate |
| 9:39 | Build | Palisade Wall |
| 9:46 | Build | Palisade Wall |
| 9:58 | Build | Palisade Wall |
| 10:56 | Build | Building 796 |
| 11:02 | Build | Farm |
| 11:07 | Build | House |
| 11:20 | Build | Stable |
| 11:24 | Build | House |
| 11:35 | Build | Watch Tower |
| 11:42 | Create | Villager (Male) |
| 11:43 | Create | Villager (Male) |
| 11:43 | Create | Villager (Male) |
| 11:43 | Create | Villager (Male) |
| 11:43 | Create | Villager (Male) |
| 11:44 | Create | Villager (Male) |
| 11:44 | Create | Villager (Male) |
| 12:50 | Create | Villager (Male) |
| 12:50 | Create | Villager (Male) |
| 13:09 | Build | Archery Range |
| 13:49 | Build | Lumber Camp |
| 13:53 | Create | Skirmisher |
| 13:53 | Create | Skirmisher |
| 13:53 | Create | Skirmisher |
| 13:53 | Create | Skirmisher |
| 13:55 | Create | Skirmisher |
| 14:06 | Build | Farm |
| 14:07 | Build | Farm |
| 15:12 | Create | Skirmisher |
| 15:12 | Create | Skirmisher |
| 16:35 | Build | Archery Range |
| 17:51 | Build | Lumber Camp |
| 18:23 | Build | Mining Camp |
| 18:45 | Build | Farm |
| 18:52 | Build | Blacksmith |
| 18:58 | Create | Villager (Male) |
| 19:15 | Create | Skirmisher |
| 19:16 | Create | Skirmisher |
| 19:49 | Build | Market |
| 20:07 | Create | Skirmisher |
| 20:17 | Build | House |
| 20:18 | Build | House |
| 20:25 | Research | Castle Age |
| 21:03 | Create | Skirmisher |
| 21:03 | Create | Skirmisher |
| 21:04 | Create | Skirmisher |
| 21:04 | Create | Skirmisher |
| 21:04 | Create | Skirmisher |
| 22:04 | Build | Town Center |
| 23:04 | Research | Fletching |
| 23:43 | Create | Villager (Male) |
| 23:44 | Create | Villager (Male) |
| 23:44 | Create | Villager (Male) |
| 23:44 | Create | Villager (Male) |
| 23:44 | Create | Villager (Male) |
| 23:44 | Create | Villager (Male) |
| 23:48 | Build | Farm |
| 23:49 | Build | Farm |
| 23:51 | Build | Farm |
| 24:06 | Research | Castle Age |
| 24:59 | Build | Mining Camp |
| 25:02 | Build | Farm |
| 25:31 | Build | House |
| 25:32 | Build | House |
| 26:50 | Create | Villager (Male) |
| 26:50 | Create | Villager (Male) |
| 26:50 | Create | Villager (Male) |
| 26:51 | Create | Villager (Male) |
| 26:51 | Create | Villager (Male) |
| 27:03 | Create | Villager (Male) |
| 27:03 | Create | Villager (Male) |
| 27:04 | Create | Villager (Male) |
| 27:22 | Create | Villager (Male) |
| 27:22 | Create | Villager (Male) |
| 27:26 | Build | Lumber Camp |
| 28:29 | Create | Villager (Male) |
| 28:29 | Create | Villager (Male) |
| 28:29 | Create | Villager (Male) |
| 28:29 | Create | Villager (Male) |
| 28:30 | Create | Villager (Male) |
| 28:39 | Build | House |
| 28:40 | Build | House |
| 28:41 | Build | House |
| 28:47 | Build | House |
| 28:50 | Build | Palisade Wall |
Build order — Ejatch Lemayahu Gewodros
145 actions detected in the replay
| 0:04 | Build | House |
| 0:04 | Create | Villager (Male) |
| 0:05 | Create | Villager (Male) |
| 0:05 | Create | Villager (Male) |
| 0:05 | Create | Villager (Male) |
| 0:05 | Create | Villager (Male) |
| 0:14 | Build | House |
| 0:16 | Build | House |
| 0:18 | Build | House |
| 1:32 | Create | Villager (Male) |
| 1:32 | Create | Villager (Male) |
| 2:15 | Build | Lumber Camp |
| 2:17 | Create | Villager (Male) |
| 2:17 | Create | Villager (Male) |
| 2:37 | Create | Villager (Male) |
| 2:37 | Create | Villager (Male) |
| 3:03 | Create | Villager (Male) |
| 3:03 | Create | Villager (Male) |
| 3:04 | Create | Villager (Male) |
| 3:43 | Create | Villager (Male) |
| 3:43 | Create | Villager (Male) |
| 4:04 | Create | Villager (Male) |
| 4:05 | Create | Villager (Male) |
| 4:05 | Create | Villager (Male) |
| 4:56 | Create | Villager (Male) |
| 4:56 | Create | Villager (Male) |
| 4:56 | Create | Villager (Male) |
| 4:59 | Build | Mill |
| 5:46 | Create | Villager (Male) |
| 5:46 | Create | Villager (Male) |
| 5:47 | Create | Villager (Male) |
| 6:26 | Create | Villager (Male) |
| 6:27 | Create | Villager (Male) |
| 6:33 | Create | Villager (Male) |
| 6:33 | Create | Villager (Male) |
| 6:34 | Create | Villager (Male) |
| 6:34 | Create | Villager (Male) |
| 6:38 | Create | Villager (Male) |
| 6:39 | Create | Villager (Male) |
| 6:49 | Build | House |
| 7:00 | Create | Villager (Male) |
| 7:01 | Create | Villager (Male) |
| 7:11 | Create | Villager (Male) |
| 7:12 | Create | Villager (Male) |
| 7:32 | Create | Villager (Male) |
| 7:32 | Create | Villager (Male) |
| 7:51 | Create | Villager (Male) |
| 7:51 | Create | Villager (Male) |
| 7:52 | Create | Villager (Male) |
| 8:01 | Create | Villager (Male) |
| 8:02 | Create | Villager (Male) |
| 8:35 | Build | Farm |
| 9:02 | Build | Farm |
| 9:30 | Research | Feudal Age |
| 9:33 | Create | Villager (Male) |
| 9:33 | Create | Villager (Male) |
| 10:08 | Build | Farm |
| 10:09 | Build | Farm |
| 11:10 | Build | Mining Camp |
| 11:40 | Age | Feudal Age |
| 11:44 | Build | Blacksmith |
| 11:48 | Build | Market |
| 12:08 | Research | Double-Bit Axe |
| 12:39 | Research | Castle Age |
| 13:09 | Research | Fletching |
| 13:47 | Build | House |
| 13:47 | Build | House |
| 13:56 | Research | Padded Archer Armor |
| 14:06 | Build | Mining Camp |
| 14:52 | Create | Villager (Male) |
| 14:52 | Create | Villager (Male) |
| 15:19 | Age | Castle Age |
| 15:32 | Research | Loom |
| 16:16 | Build | Castle |
| 16:41 | Build | Castle |
| 16:47 | Build | Barracks |
| 16:51 | Build | Building 487 |
| 17:37 | Build | Palisade Wall |
| 17:46 | Create | Villager (Male) |
| 17:47 | Create | Villager (Male) |
| 17:47 | Create | Villager (Male) |
| 17:48 | Create | Villager (Male) |
| 17:49 | Create | Villager (Male) |
| 17:52 | Research | Bodkin Arrow |
| 18:28 | Build | Mining Camp |
| 18:52 | Create | Villager (Male) |
| 18:52 | Create | Villager (Male) |
| 18:52 | Create | Villager (Male) |
| 19:05 | Research | Leather Archer Armor |
| 19:08 | Create | Villager (Male) |
| 19:08 | Create | Villager (Male) |
| 19:15 | Create | Genoese Crossbowman ×3 |
| 19:32 | Create | Villager (Male) |
| 19:32 | Create | Villager (Male) |
| 20:24 | Build | Siege Workshop |
| 20:44 | Create | Genoese Crossbowman ×2 |
| 20:51 | Create | Villager (Male) |
| 20:51 | Create | Villager (Male) |
| 20:54 | Create | Villager (Male) |
| 20:55 | Create | Villager (Male) |
| 21:12 | Build | Building 487 |
| 21:17 | Build | Stone Wall |
| 21:19 | Build | Stone Wall |
| 22:11 | Build | Stone Wall |
| 22:32 | Create | Genoese Crossbowman ×5 |
| 23:08 | Create | Villager (Male) |
| 23:08 | Create | Villager (Male) |
| 23:12 | Create | Villager (Male) |
| 24:13 | Build | Town Center |
| 24:19 | Create | Villager (Male) |
| 24:19 | Create | Villager (Male) |
| 24:19 | Create | Villager (Male) |
| 24:25 | Build | Lumber Camp |
| 24:30 | Build | Farm |
| 25:06 | Create | Genoese Crossbowman ×5 |
| 25:16 | Build | University |
| 25:22 | Build | Farm |
| 25:23 | Build | Farm |
| 25:56 | Build | Castle |
| 26:25 | Build | Building 487 |
| 26:28 | Build | Stone Wall |
| 26:35 | Build | Siege Workshop |
| 26:39 | Build | House |
| 27:03 | Build | Farm |
| 27:04 | Create | Villager (Male) |
| 27:05 | Create | Villager (Male) |
| 27:05 | Create | Villager (Male) |
| 27:08 | Create | Villager (Male) |
| 27:08 | Create | Villager (Male) |
| 27:08 | Create | Villager (Male) |
| 27:09 | Create | Villager (Male) |
| 27:43 | Create | Genoese Crossbowman ×5 |
| 28:17 | Create | Battering Ram |
| 28:18 | Create | Battering Ram |
| 28:50 | Build | Barracks |
| 29:05 | Build | Farm |
| 29:06 | Build | Farm |
| 29:08 | Create | Villager (Male) |
| 29:09 | Create | Villager (Male) |
| 29:09 | Create | Villager (Male) |
| 29:11 | Build | Farm |
| 29:12 | Build | Farm |
| 29:12 | Build | Farm |
| 29:15 | Create | Villager (Male) |
| 29:15 | Create | Villager (Male) |
Build order — 人老手不慢
First 150 of 277 actions detected
| 0:03 | Create | Villager (Male) ×4 |
| 0:03 | Create | Villager (Male) ×4 |
| 0:03 | Create | Villager (Male) ×4 |
| 0:09 | Build | House |
| 0:20 | Build | House |
| 1:41 | Create | Villager (Male) |
| 1:41 | Create | Villager (Male) |
| 1:41 | Create | Villager (Male) |
| 1:41 | Create | Villager (Male) |
| 2:17 | Create | Villager (Male) |
| 2:17 | Create | Villager (Male) |
| 2:43 | Create | Villager (Male) |
| 2:43 | Create | Villager (Male) |
| 2:43 | Create | Villager (Male) |
| 2:44 | Create | Villager (Male) |
| 3:02 | Create | Villager (Male) |
| 3:02 | Create | Villager (Male) |
| 3:03 | Create | Villager (Male) |
| 3:16 | Build | House |
| 3:41 | Build | Mill |
| 3:44 | Create | Villager (Male) |
| 3:44 | Create | Villager (Male) |
| 3:44 | Create | Villager (Male) |
| 4:11 | Create | Villager (Male) |
| 4:12 | Create | Villager (Male) |
| 4:12 | Create | Villager (Male) |
| 4:12 | Create | Villager (Male) |
| 5:04 | Create | Villager (Male) |
| 5:05 | Create | Villager (Male) |
| 5:05 | Create | Villager (Male) |
| 5:05 | Create | Villager (Male) |
| 5:43 | Create | Villager (Male) |
| 5:43 | Create | Villager (Male) |
| 5:50 | Build | Lumber Camp |
| 5:58 | Build | House |
| 6:05 | Create | Villager (Male) |
| 6:05 | Create | Villager (Male) |
| 6:06 | Create | Villager (Male) |
| 6:06 | Create | Villager (Male) |
| 6:37 | Build | House |
| 6:42 | Create | Villager (Male) |
| 6:43 | Create | Villager (Male) |
| 6:43 | Create | Villager (Male) |
| 6:43 | Create | Villager (Male) |
| 7:17 | Build | Mining Camp |
| 7:22 | Create | Villager (Male) |
| 7:22 | Create | Villager (Male) |
| 7:22 | Create | Villager (Male) |
| 8:57 | Build | Farm |
| 9:03 | Build | Mining Camp |
| 9:16 | Create | Villager (Male) |
| 9:16 | Create | Villager (Male) |
| 9:28 | Build | Farm |
| 9:48 | Build | Farm |
| 9:54 | Build | Farm |
| 9:56 | Research | Feudal Age |
| 12:23 | Age | Feudal Age |
| 12:26 | Research | Castle Age |
| 12:37 | Research | Double-Bit Axe |
| 12:48 | Build | House |
| 13:05 | Research | Horse Collar |
| 13:43 | Build | Farm |
| 13:52 | Build | Farm |
| 14:00 | Build | Farm |
| 14:41 | Build | Farm |
| 14:44 | Create | Villager (Male) |
| 14:45 | Create | Villager (Male) |
| 14:45 | Create | Villager (Male) |
| 14:45 | Create | Villager (Male) |
| 15:06 | Age | Castle Age |
| 15:10 | Build | Town Center |
| 15:21 | Research | Wheelbarrow |
| 15:59 | Research | Bow Saw |
| 16:17 | Build | House |
| 16:32 | Create | Villager (Male) |
| 16:32 | Create | Villager (Male) |
| 16:33 | Create | Villager (Male) |
| 16:41 | Create | Villager (Male) |
| 17:01 | Build | Town Center |
| 17:08 | Create | Villager (Male) |
| 17:54 | Create | Villager (Male) |
| 17:56 | Create | Villager (Male) |
| 18:06 | Build | Town Center |
| 18:11 | Create | Villager (Male) ×5 |
| 18:11 | Create | Villager (Male) ×5 |
| 18:12 | Create | Villager (Male) ×5 |
| 18:12 | Create | Villager (Male) |
| 18:12 | Create | Villager (Male) |
| 18:21 | Build | Monastery |
| 18:29 | Create | Villager (Male) |
| 18:30 | Create | Villager (Male) |
| 18:30 | Create | Villager (Male) |
| 18:52 | Build | Farm |
| 18:53 | Build | Farm |
| 18:54 | Build | Farm |
| 19:04 | Create | Villager (Male) ×2 |
| 19:04 | Create | Villager (Male) ×2 |
| 19:04 | Create | Villager (Male) ×2 |
| 19:15 | Create | Monk |
| 19:29 | Build | House |
| 19:30 | Build | House |
| 19:31 | Build | House |
| 19:38 | Create | Villager (Male) ×2 |
| 19:38 | Create | Villager (Male) ×2 |
| 19:39 | Create | Villager (Male) |
| 19:50 | Build | Farm |
| 19:55 | Create | Villager (Male) |
| 19:55 | Create | Villager (Male) |
| 19:55 | Create | Villager (Male) |
| 19:55 | Create | Villager (Male) |
| 20:12 | Create | Villager (Male) |
| 20:13 | Create | Villager (Male) |
| 20:20 | Build | Farm |
| 20:20 | Build | Farm |
| 20:20 | Build | Farm |
| 20:21 | Build | Farm |
| 20:21 | Build | Farm |
| 20:21 | Build | Farm |
| 20:21 | Build | Farm |
| 20:22 | Build | Farm |
| 20:22 | Build | Farm |
| 20:22 | Build | Farm |
| 20:23 | Build | Farm |
| 20:23 | Build | Farm |
| 20:23 | Build | Farm |
| 20:30 | Create | Villager (Male) |
| 20:30 | Create | Villager (Male) |
| 20:31 | Create | Villager (Male) |
| 20:49 | Research | Heavy Plow |
| 20:50 | Research | Heavy Plow |
| 20:59 | Create | Villager (Male) |
| 21:11 | Create | Villager (Male) |
| 21:11 | Create | Villager (Male) |
| 21:11 | Create | Villager (Male) |
| 21:19 | Build | Farm |
| 21:19 | Build | Farm |
| 21:20 | Build | Farm |
| 21:20 | Build | Farm |
| 21:20 | Build | Farm |
| 21:21 | Build | Farm |
| 21:21 | Build | Farm |
| 21:21 | Build | Farm |
| 21:21 | Build | Farm |
| 21:22 | Build | Farm |
| 21:22 | Build | Farm |
| 21:22 | Build | Farm |
| 21:22 | Build | Farm |
| 21:37 | Create | Villager (Male) ×4 |
| 21:37 | Create | Villager (Male) ×4 |
| 21:37 | Create | Villager (Male) ×4 |
Match timeline
| 8:04 | tmg-3u · age_up feudal |
| 8:29 | Dubrava1986 · first_building Barracks |
| 8:52 | Big Dawg · first_building Barracks |
| 9:39 | Dubrava1986 · wall_segment Palisade Wall x4 |
| 9:46 | Dubrava1986 · wall_segment Palisade Wall x6 |
| 9:58 | Dubrava1986 · wall_segment Palisade Wall x1 |
| 10:08 | qjawkd7511 · first_building Barracks |
| 10:16 | 2024eles · age_up feudal |
| 11:20 | Dubrava1986 · first_building Stable |
| 11:35 | ROB3RT_ROG3RSTTV · age_up feudal |
| 11:40 | Ejatch Lemayahu Gewodros · age_up feudal |
| 11:40 | ROB3RT_ROG3RSTTV · first_building Barracks |
| 11:45 | tmg-3u · wall_segment Palisade Wall x1 |
| 11:48 | tmg-3u · wall_segment Palisade Wall x1 |
| 11:57 | qjawkd7511 · age_up feudal |
| 11:59 | qjawkd7511 · first_building Stable |
| 12:23 | 人老手不慢 · age_up feudal |
| 12:38 | Ejatch Lemayahu Gewodros · first_market_sell 100 food |
| 13:08 | Big Dawg · age_up feudal |
| 13:09 | Dubrava1986 · first_building Archery Range |
| 14:08 | 2024eles · age_up castle |
| 14:21 | Big Dawg · first_building Archery Range |
| 14:22 | tmg-3u · wall_segment Palisade Wall x1 |
| 14:23 | tmg-3u · wall_segment Palisade Wall x1 |
| 15:00 | 2024eles · first_building Monastery |
| 15:06 | 人老手不慢 · age_up castle |
| 15:19 | Ejatch Lemayahu Gewodros · age_up castle |
| 16:16 | Ejatch Lemayahu Gewodros · first_building Castle |
| 16:46 | qjawkd7511 · first_building Siege Workshop |
| 16:47 | Ejatch Lemayahu Gewodros · first_building Barracks |
| 17:37 | Ejatch Lemayahu Gewodros · wall_segment Palisade Wall x1 |
| 18:18 | ROB3RT_ROG3RSTTV · age_up castle |
| 18:21 | 人老手不慢 · first_building Monastery |
| 18:26 | ROB3RT_ROG3RSTTV · first_building Siege Workshop |
| 19:39 | Big Dawg · age_up castle |
| 19:45 | ROB3RT_ROG3RSTTV · first_market_buy 100 wood |
| 20:24 | Ejatch Lemayahu Gewodros · first_building Siege Workshop |
| 21:17 | Ejatch Lemayahu Gewodros · wall_segment Stone Wall x1 |
| 21:19 | Ejatch Lemayahu Gewodros · wall_segment Stone Wall x1 |
| 21:47 | ROB3RT_ROG3RSTTV · tribute_sent a jugador 1 |
| 21:47 | ROB3RT_ROG3RSTTV · tribute_sent a jugador 3 |
| 21:47 | ROB3RT_ROG3RSTTV · tribute_sent a jugador 4 |
| 21:47 | ROB3RT_ROG3RSTTV · tribute_sent a jugador 5 |
| 21:47 | ROB3RT_ROG3RSTTV · tribute_sent a jugador 6 |
| 21:47 | ROB3RT_ROG3RSTTV · tribute_sent a jugador 7 |
| 21:47 | ROB3RT_ROG3RSTTV · tribute_sent a jugador 8 |
| 21:59 | tmg-3u · age_up castle |
| 22:08 | tmg-3u · first_building Siege Workshop |
| 22:11 | Ejatch Lemayahu Gewodros · wall_segment Stone Wall x3 |
| 22:17 | tmg-3u · first_market_buy 100 wood |
| 22:22 | ROB3RT_ROG3RSTTV · first_market_sell 100 food |
| 22:32 | tmg-3u · first_market_sell 100 stone |
| 22:55 | ROB3RT_ROG3RSTTV · first_building Castle |
| 22:59 | Big Dawg · first_building Castle |
| 23:18 | 人老手不慢 · first_building Stable |
| 23:45 | tmg-3u · first_building Castle |
| 24:53 | Big Dawg · first_building Monastery |
| 24:59 | qjawkd7511 · age_up castle |
| 25:03 | 2024eles · first_building Barracks |
| 25:57 | Big Dawg · first_building Siege Workshop |
| 26:18 | Dubrava1986 · first_market_buy 100 wood |
| 26:28 | Ejatch Lemayahu Gewodros · wall_segment Stone Wall x1 |
| 26:35 | 2024eles · first_building Castle |
| 26:38 | tmg-3u · first_building Monastery |
| 27:16 | 人老手不慢 · first_building Castle |
| 27:31 | ROB3RT_ROG3RSTTV · wall_segment Stone Wall x24 |
| 27:40 | 2024eles · first_building Siege Workshop |
| 28:01 | tmg-3u · first_building Barracks |
| 28:26 | 2024eles · age_up imperial |
| 28:50 | Dubrava1986 · wall_segment Palisade Wall x1 |
| 29:36 | ROB3RT_ROG3RSTTV · resign |
[ AI ANALYSIS · 1 CREDIT ]
What really happened in this match?
Wolo.gg analyzes every decision: build order, eco, micro, common mistakes by bracket. Personalized analysis on WhatsApp or Discord in 30 seconds.
Civ guide
Hindustanis
Map guide
Arena
Perfil
Traumanomics